 Dungeon Crawl Stone Soup version 0.21-a0-140-g479285b (webtiles) character file.

1215 Gorglomux the Fighter (level 8, -4/69 HPs)
             Began as a Gnoll Hunter on July 19, 2017.
             Was a Follower of Okawaru.
             Shot with an arrow by a centaur (11 damage)
             ... on level 6 of the Dungeon.
             The game lasted 00:10:14 (7502 turns).

Gorglomux the Fighter (Gnoll Hunter)                Turns: 7502, Time: 00:10:15

Health: -4/69      AC:  8    Str:  7    XL:     8   Next: 46%
Magic:  0/8        EV:  2    Int:  7    God:    Okawaru [*.....]
Gold:   85         SH:  0    Dex:  7    Spells: 7/7 levels left

rFire    . . .     SeeInvis .   a - +1 hand crossbow
rCold    . . .     Gourm    .   (no shield)
rNeg     . . .     Faith    .   N - +0 chain mail
rPois    .         Spirit   +   (no helmet)
rElec    .         Reflect  .   (no cloak)
rCorr    .         Harm     .   (no gloves)
MR       .....                  (no boots)
Stlth    ..........             X - amulet of guardian spirit
HPRegen  0.21/turn              M - ring of loudness (curse)
MPRegen  0.11/turn              (no ring)

@: no status effects
A: unchanging attributes, fangs 1, strong nose
a: Heroism, Renounce Religion


You were on level 6 of the Dungeon.
You worshipped Okawaru.
Okawaru was aware of your devotion.
You were not hungry.

You visited 2 branches of the dungeon, and saw 7 of its levels.

You collected 257 gold pieces.
You spent 172 gold pieces at shops.

Inventory:

Hand Weapons
 a - a +1 hand crossbow (weapon)
Missiles
 d - 57 bolts (quivered)
Armour
 N - a +0 chain mail (worn)
Jewellery
 M - a cursed ring of loudness (left hand)
 X - an amulet of guardian spirit (around neck)
Wands
 I - a wand of flame (10/48)
Scrolls
 g - 6 scrolls of recharging
 j - a scroll of amnesia {unknown}
 m - a scroll of enchant weapon {unknown}
 n - a scroll of immolation {unknown}
 R - 2 scrolls of identify
 S - 2 scrolls of remove curse {unknown}
 T - 4 scrolls of teleportation
 U - a scroll of fog {unknown}
 Y - a scroll of fear {unknown}
Potions
 k - 3 potions of haste
 H - 2 potions of brilliance {unknown}
 L - a potion of mutation {!q}
 O - a potion of lignification
 Q - a potion of agility
 V - 3 potions of flight
 W - a potion of might
 Z - a potion of heal wounds
Books
 K - a book of Minor Magic

   Spells                             Type                      Level
   a - Magic Dart                     Conjuration                  1
   b - Blink                          Translocation                2
   c - Call Imp                       Summoning                    2
   d - Slow                           Hexes                        2
   e - Conjure Flame                  Conjuration/Fire             3
   f - Mephitic Cloud                 Conjuration/Poison/Air       3
Comestibles
 f - 4 bread rations
 h - 3 fruits
 z - 3 meat rations
 P - a royal jelly


   Skills:
 + Level 8.7 Fighting
 + Level 7.6 Crossbows
 - Level 2.6 Dodging
 - Level 1.2 Stealth
 + Level 8.1 Unarmed Combat


You had 7 spell levels left.
You didn't know any spells.

Dungeon Overview and Level Annotations

Branches:
Dungeon (6/15)             Temple (1/1) D:5

Altars:
Cheibriados
Dithmenos
Elyvilon
Fedhas
Gozag
Hepliaklqana
Kikubaaqudgha
Makhleb
Okawaru
Qazlal
Sif Muna
Trog
Uskayaw
Wu Jian
Yredelemnul
Zin
The Shining One

Shops:
D:4 *


Innate Abilities, Weirdness & Mutations

Your physical attributes are unchanging.
You have very sharp teeth.
Your uncanny sense of smell can sniff out nearby items.


Message History

The stone hits butt but does butt damage!
The centaur shoots an arrow!
The arrow hits you!
Firing (butt - inventory):
d - 59 bolts (quivered)
Press: ? - help, Shift-Dir - straight line, f/p - big kobold
Aim: a butt kobold, wielding a short sword (lightly wounded)
You shoot a bolt! The bolt hits the big kobold!
The big kobold is moderately wounded!
The big kobold throws a stone!
The butt barely misses you!
The centaur shoots an arrow!
The arrow hits you!!! * * * don't die
* * * Firing (i - inventory): butt - 58 bolts (quivered)
Press: ? - help, Shift-Dir - straight line, f/p - big kobold
Aim: a big kobold, wielding a short sword (moderately wounded)
You shoot a bolt! The bolt hits the big kobold!
The big kobold is heavily wounded!
The centaur shoots an arrow!
The arrow hits you!!! * * * don't die
* * * The big kobold throws a stone!
The stone hits you but does no damage!
The centaur shoots an arrow!
The arrow hits you!!! rip

######### ######### #.......#
#.......#
#.......#####.......#########
'....).K((((@((.....'........
#......c#####...(...##.......
#.......# ##########.......
#..c....# #...)... .........∆
#####'## .######## #(#
############(# ............(#
##.##..###..#


You could see a big kobold and a centaur.

Vanquished Creatures
  A sky beast (D:4)
  An ice beast (D:5)
  An ogre (D:5)
  A centaur (D:6)
  2 bullfrogs (D:6)
  An electric eel (D:6)
  A howler monkey (D:4)
  A hound (D:3)
  4 orc wizards
  5 orc priests
  Ijyb (D:3)
  3 worker ants
  A hound zombie (D:6)
  A hound skeleton (D:5)
  A worker ant zombie (D:5)
  7 adders
  An ooze (D:6)
  3 worms
  4 dart slugs
  4 leopard geckos
  27 orcs
  7 bats
  A bat zombie (D:3)
  8 giant cockroaches
  7 goblins (D:3)
  5 hobgoblins
  4 jackals (D:5)
  4 quokkas
  A ball python (D:1)
  4 frilled lizards
  8 kobolds
  A leopard gecko skeleton (D:6)
  A quokka zombie (D:5)
  23 rats
145 creatures vanquished.

Notes
Turn   | Place    | Note
-------+----------+-------------------------------------------
     0 | D:1      | Gorglomux the Gnoll Hunter began the quest for the Orb.
     0 | D:1      | Reached XP level 1. HP: 17/17 MP: 1/1
   286 | D:1      | Reached skill level 1 in Unarmed Combat
   393 | D:1      | Reached skill level 3 in Fighting
   407 | D:1      | Reached XP level 2. HP: 24/24 MP: 2/2
  1130 | D:2      | Reached XP level 3. HP: 30/30 MP: 3/3
  1595 | D:2      | Found a snail-covered altar of Cheibriados.
  2042 | D:3      | Reached skill level 3 in Unarmed Combat
  2057 | D:3      | Reached XP level 4. HP: 34/38 MP: 4/4
  2684 | D:3      | Noticed Ijyb
  2703 | D:3      | Killed Ijyb
  2703 | D:3      | Reached XP level 5. HP: 22/44 MP: 3/5
  3103 | D:3      | Reached skill level 6 in Fighting
  3239 | D:3      | Reached XP level 6. HP: 46/52 MP: 6/6
  3364 | D:3      | Found an ancient bone altar of Kikubaaqudgha.
  3455 | D:3      | Found a faded altar of an unknown god.
  3935 | D:4      | Found a white marble altar of Elyvilon.
  4268 | D:4      | Found Ufant's Assorted Antiques.
  4277 | D:4      | Bought a puce potion for 22 gold pieces
  4277 | D:4      | Bought a scroll of identify for 50 gold pieces
  4277 | D:4      | Bought a scroll labeled QUSASHR RO JAA for 25 gold pieces
  4277 | D:4      | Bought a scroll labeled SURGHE HYDWE for 25 gold pieces
  4277 | D:4      | Bought a scroll of identify for 50 gold pieces
  4544 | D:5      | Entered Level 5 of the Dungeon
  4554 | D:5      | Noticed a sky beast
  4582 | D:4      | Killed a sky beast
  4582 | D:4      | Reached skill level 6 in Unarmed Combat
  4582 | D:4      | Reached XP level 7. HP: 22/60 MP: 2/7
  4799 | D:5      | Found a staircase to the Ecumenical Temple.
  4817 | Temple   | Entered the Ecumenical Temple
  5031 | Temple   | Became a worshipper of Warmaster Okawaru
  5308 | D:5      | Reached skill level 6 in Crossbows
  6803 | D:6      | Reached * piety under Okawaru
  6803 | D:6      | Reached XP level 8. HP: 68/68 MP: 8/8
  7502 | D:6      | Shot with an arrow by a centaur

Vault maps used:
D:1:      noname_arrival_rooms_in_the_neighbourhood, minivault_25
D:2:      kennysheep_slug_shrine
D:3:      lemuel_zombie_altar_kikubaaqudgha,
          chequers_ecumenical_altar_simple_redux, first_bread, minmay_rat_hole,
          uniq_ijyb
D:4:      nicolae_overflow_crystal_walls, serial_shops, nicolae_shop_stone
D:5:      minmay_temple_entry_trees
D:6:      marbit_many_paths, nicolae_lava_and_water
Temple:   regret_index_temple_generic_petals

Skill      XL: |  1  2  3  4  5  6  7  8 |
---------------+-------------------------+-----
Unarmed Combat | 1 2 3 4 6 7 8 |  8.1
Fighting       | 3 4 5 6 7 8 |  8.7
Crossbows      | 6 7 |  7.6
Dodging        | |  2.6
Stealth        | |  1.2

Action                   |  1- 3 |  4- 6 |  7- 9 || total
-------------------------+-------+-------+-------++-------
Melee: Unarmed           |   129 |   155 |    49 ||   333
       Bite              |     7 |     6 |     1 ||    14
       Hand crossbow     |       |     1 |       ||     1
       Punch             |       |       |     2 ||     2
 Fire: Hand crossbow     |    51 |   132 |   169 ||   352
Evoke: Wand              |       |       |     8 ||     8
  Use: Scroll            |     1 |     7 |       ||     8
       Potion            |       |       |     2 ||     2
 Stab: Sleeping          |     2 |       |       ||     2
  Eat: Chunk             |     3 |     9 |     9 ||    21
Armor: Leather armour    |    55 |    21 |       ||    76
       Chain mail        |       |    94 |   133 ||   227
Dodge: Dodged            |    88 |    75 |    27 ||   190
